 Dungeon Crawl Stone Soup version 0.21-a0-81-gc5150db (webtiles) character file.

11872 kuniqs the Blocker (level 11, -1/58 HPs)
             Began as a Vine Stalker Fighter on June 23, 2017.
             Was a Believer of Uskayaw.
             Hit by a large rock thrown by a cyclops (22 damage)
             ... on level 11 of the Dungeon.
             The game lasted 00:22:32 (8481 turns).

kuniqs the Blocker (Vine Stalker Fighter)           Turns: 8481, Time: 00:22:33

Health: -1/58      AC: 15    Str: 27    XL:     11   Next: 84%
Magic:  0/25       EV:  7    Int:  8    God:    Uskayaw [**....]
Gold:   143        SH: 20    Dex: 14    Spells: 10/10 levels left

rFire    . . .     SeeInvis .   E - +8 long sword of Roghet {freeze, Str+5}
rCold    . . .     Gourm    .   A - +2 large shield {AC+3}
rNeg     + . .     Faith    .   w - +0 plate armour {rPois}
rPois    +         Spirit   +   (no helmet)
rElec    .         Reflect  .   (no cloak)
rCorr    .         Harm     .   (no gloves)
MR       +....                  (no boots)
Stlth    ..........             (no amulet)
HPRegen  0.59/turn              J - ring of positive energy
MPRegen  0.19/turn              g - ring of magical power

@: slowed, very slow
A: fangs 3, regeneration 1, magic shield, antimagic bite, no potion heal 3, rot
immunity
a: Stomp, Line Pass, Renounce Religion


You were on level 11 of the Dungeon.
You worshipped Uskayaw.
Uskayaw was noncommittal.
You were not hungry.

You visited 2 branches of the dungeon, and saw 12 of its levels.

You collected 677 gold pieces.
You spent 534 gold pieces at shops.

Inventory:

Hand Weapons
 E - the +8 long sword of Roghet (weapon) {freeze, Str+5}
   (You bought it in a shop on level 6 of the Dungeon)

   It has been specially enchanted to freeze those struck by it, causing extra
   injury to most foes and up to half again as much damage against particularly
   susceptible opponents.
   It can also slow down cold-blooded creatures.
   It affects your strength (+5).
 P - a +0 rapier
Missiles
 B - a throwing net (quivered)
Armour
 w - a +0 plate armour of poison resistance (worn)
 A - a +2 large shield of protection (worn)
 O - the +1 shield of Autumn {rElec rCorr Str-3 Stlth+}
   (You found it on level 10 of the Dungeon)

   It affects your strength (-3).
   It insulates you from electricity.
   It protects you from acid and corrosion.
   It makes you more stealthy.
Jewellery
 g - a ring of magical power (right hand)
 i - an uncursed ring of poison resistance
 J - a ring of positive energy (left hand)
 M - an uncursed ring of ice
Wands
 s - a wand of polymorph (23/24)
 t - a wand of lightning (7/15)
 v - a wand of acid (3/15)
 F - a wand of lightning (7/15)
 G - a wand of polymorph (8/24)
 K - a wand of confusion (21/48)
 Q - a wand of disintegration (13/24)
 R - a wand of digging (16/24)
Scrolls
 a - a scroll of recharging
 c - 4 scrolls of remove curse {@r2}
 j - 2 scrolls of identify {@r1}
 k - a scroll of enchant armour {unknown}
 l - 3 scrolls of fear
 m - 7 scrolls of teleportation
 q - a scroll of blinking {unknown}
 r - a scroll of noise {unknown}
 x - a scroll of immolation {unknown}
 y - 4 scrolls of magic mapping
 D - a scroll of fog
Potions
 b - 2 potions of might
 h - 6 potions of curing {@q1}
 n - 2 potions of resistance
 o - a potion of flight
 p - a potion of brilliance {unknown}
 z - a potion of haste
 C - a potion of mutation {unknown}
 H - a potion of cancellation
 I - a potion of heal wounds {unknown}
 L - a potion of agility {unknown}
 N - a potion of ambrosia {unknown}
 S - a potion of lignification {unknown}
Miscellaneous
 u - a fan of gales
Comestibles
 d - 8 bread rations
 e - 5 meat rations
 f - 25 fruits
 T - 5 chunks of flesh


   Skills:
 + Level 7.1 Fighting
 + Level 3.6 Short Blades
 + Level 6.3 Armour
 + Level 5.6 Dodging
 * Level 9.7 Shields
 + Level 6.6 Invocations
 + Level 5.5 Evocations


You had 10 spell levels left.
You didn't know any spells.

Dungeon Overview and Level Annotations

Branches:
Dungeon (11/15)            Temple (1/1) D:6            Lair (0/6) D:10
    Orc (0/2) D:11

Altars:
Cheibriados
Dithmenos
Elyvilon
Gozag
Hepliaklqana
Kikubaaqudgha
Makhleb
Nemelex Xobeh
Okawaru
Ru
Sif Muna
Uskayaw
Wu Jian
Xom
Zin
The Shining One

Shops:
D:6 (*([[   D:8 =

Portals:
Trove: D:10 (give 8 potions of agility)

Annotations:
D:6 1 exclusion


Innate Abilities, Weirdness & Mutations

You have razor-sharp teeth.
Your natural rate of healing is unusually fast.
When hurt, damage is shared between your health and your magic reserves.
Your bite disrupts and absorbs the magic of your enemies.
Potions cannot restore your health.
You are immune to rotting.


Message History

The orc priest miscasts a cantrip.
The wraith hits you but does no damage.
You slash Erolcha! You freeze Erolcha. Your bite misses Erolcha.
Erolcha hits you with a giant spiked club!
The phantom hits you but does no damage.
You block the orc zombie's attack. You block the wraith's attack.
The phantom hits you but does no damage.
Erolcha hits you with a giant spiked club!
The orc priest calls down the wrath of Beogh upon you.
Beogh smites you! You block the orc zombie's attack.
The wraith hits you but does no damage.
You slash Erolcha! You freeze Erolcha.
You kill Erolcha!
You feel your dexterity returning.
The phantom hits you but does no damage.
You block the wraith's attack.
The cyclops throws a large rock.
The large rock hits you! You block the orc zombie's attack.
You block the phantom's attack. The wraith barely misses you.
The cyclops throws a large rock.
The large rock hits you!!
You die...

#..# #(.Z# #... #..#
#...# #..# #..# #...#
#..# ...#
##...#############..#
..8....#...........#
.......#....)......#
.......#...........#
.....ZZ#.########..#
....oZW@.# #..#
....ZZW).# #..#
..>.ZZ8C.# #..#
....ZZ...# #..#
.........# #..#
.......#.# #..#
.......#.# #..#
.......#.# #..# #..#


You could see a cyclops, a phantom, a wraith, an orc priest, 5 orc zombies, 2
ogre zombies and 2 orc skeletons.

Vanquished Creatures
  Fannar (D:10)
  Erolcha (D:11)
  A two-headed ogre (D:11)
  A tengu warrior (D:10)
  3 death yaks (D:10)
  Urug (D:10)
  2 unseen horrors
  A troll (D:10)
  A blink frog (D:10)
  A hippogriff (D:10)
  13 yaks
  A hungry ghost (D:9)
  Duvessa (D:5)
  3 orc warriors
  An ice beast (D:11)
  2 sky beasts (D:8)
  A necrophage (D:10)
  3 ogres (D:8)
  4 centaurs
  A bullfrog (D:9)
  A gnoll sergeant (D:7)
  Dowan (D:5)
  4 scorpions
  3 crimson imps
  3 quasits (D:6)
  4 hounds
  4 jellies
  8 orc priests
  2 bullfrog skeletons
  A gnoll shaman (D:7)
  An iguana (D:8)
  7 orc wizards
  7 worker ants
  A killer bee zombie (D:6)
  A hound skeleton (D:8)
  A hound zombie (D:9)
  11 gnolls
  2 worker ant zombies
  15 adders
  2 shadow imps
  An ooze (D:3)
  2 adder skeletons
  4 worms
  A dart slug (D:1)
  6 leopard geckos
  29 orcs
  A bat skeleton (D:2)
  7 giant cockroaches
  3 goblins
  9 hobgoblins
  9 jackals
  10 kobolds
  3 quokkas
  10 bats
  10 frilled lizards
  A giant cockroach zombie (D:2)
  A goblin skeleton (D:11)
  A goblin zombie (D:11)
  A hobgoblin skeleton (D:11)
  A hobgoblin zombie (D:11)
  A leopard gecko zombie (D:2)
  9 orc zombies (D:11)
  4 rats
246 creatures vanquished.

Vanquished Creatures (others)
  3 fungi (D:4)
3 creatures vanquished.

Grand Total: 249 creatures vanquished

Notes
Turn   | Place    | Note
-------+----------+-------------------------------------------
     0 | D:1      | kuniqs the Vine Stalker Fighter began the quest for the Orb.
     0 | D:1      | Reached XP level 1. HP: 11/11 MP: 2/2
    66 | D:1      | Reached XP level 2. HP: 14/16 MP: 3/3
   366 | D:1      | Reached skill level 3 in Shields
   372 | D:1      | Reached XP level 3. HP: 19/19 MP: 4/4
  1127 | D:2      | Reached skill level 1 in Dodging
  1393 | D:1      | Gained mutation: Your natural rate of healing is unusually fast. [Vine Stalker growth]
  1393 | D:1      | Reached XP level 4. HP: 24/24 MP: 5/5
  1917 | D:2      | Found a burning altar of Makhleb.
  1994 | D:2      | Reached XP level 5. HP: 21/28 MP: 4/6
  2324 | D:3      | Found a snail-covered altar of Cheibriados.
  2936 | D:4      | Reached skill level 4 in Shields
  2936 | D:4      | Reached XP level 6. HP: 19/32 MP: 7/7
  3136 | D:5      | Entered Level 5 of the Dungeon
  3336 | D:5      | Found a deep blue altar of Sif Muna.
  3406 | D:5      | Found a shimmering altar of Xom.
  3521 | D:5      | Noticed Dowan
  3540 | D:5      | Noticed Duvessa
  3564 | D:5      | Killed Duvessa
  3564 | D:5      | Reached XP level 7. HP: 37/37 MP: 8/8
  3580 | D:5      | Killed Dowan
  3673 | D:6      | Found Ipri's General Store.
  3691 | D:6      | Found a glowing golden altar of the Shining One.
  3717 | D:6      | Found Isukhlie's Armour Shoppe.
  3758 | D:6      | Found Zumif's Antique Weapon Boutique.
  3817 | D:6      | Reached skill level 5 in Shields
  3852 | D:6      | Found a staircase to the Ecumenical Temple.
  3905 | Temple   | Entered the Ecumenical Temple
  3953 | Temple   | Became a worshipper of Uskayaw the Reveler
  4034 | D:6      | Reached * piety under Uskayaw
  4042 | D:6      | Reached ** piety under Uskayaw
  4177 | D:6      | Found a hazy altar of Hepliaklqana.
  4205 | D:6      | Reached skill level 1 in Invocations
  4206 | D:6      | Reached *** piety under Uskayaw
  4216 | D:6      | Found Founyuh's Antique Weapon Shop.
  4219 | D:6      | Bought a scorched long sword for 212 gold pieces
  4219 | D:6      | Identified the +8 long sword of Roghet {freeze, Str+5} (You bought it in a shop on level 6 of the Dungeon)
  4328 | D:6      | Found Ijigup's Armour Boutique.
  4631 | D:7      | Gained mutation: You have razor-sharp teeth. [Vine Stalker growth]
  4631 | D:7      | Reached XP level 8. HP: 35/42 MP: 10/10
  4646 | D:7      | Found a sacrificial altar of Ru.
  4723 | D:7      | Found a shadowy altar of Dithmenos.
  4733 | D:7      | Reached **** piety under Uskayaw
  4764 | D:7      | Found a white marble altar of Elyvilon.
  4947 | D:7      | You fall through a shaft for 2 floors!
  4951 | D:9      | Reached skill level 1 in Evocations
  5216 | D:8      | Reached skill level 6 in Shields
  5446 | D:8      | Found Mesauh's Jewellery Shoppe.
  5518 | D:8      | Reached XP level 9. HP: 46/46 MP: 12/12
  6044 | D:9      | Reached skill level 5 in Fighting
  6050 | D:9      | Reached skill level 7 in Shields
  6052 | D:9      | Reached ***** piety under Uskayaw
  6145 | D:9      | Reached skill level 5 in Armour
  6225 | D:9      | Found an iron altar of Okawaru.
  6363 | D:10     | Entered Level 10 of the Dungeon
  6363 | D:10     | Noticed a troll
  6371 | D:10     | Killed a troll
  6371 | D:10     | Reached XP level 10. HP: 40/53 MP: 14/14
  6445 | D:10     | Killed an unseen horror
  6505 | D:10     | Found a portal to a secret trove of treasure.
  6537 | D:10     | Noticed Urug
  6555 | D:10     | Killed Urug
  6555 | D:10     | Reached skill level 8 in Shields
  6629 | D:10     | Noticed Fannar
  6650 | D:10     | Killed Fannar
  6650 | D:10     | Reached skill level 5 in Invocations
  6807 | D:10     | Found a staircase to the Lair.
  6809 | D:10     | Noticed a death yak
  6809 | D:10     | Noticed a death yak
  6810 | D:10     | Noticed a death yak
  6830 | D:10     | Killed a death yak
  6832 | D:10     | Reached XP level 11. HP: 27/58 MP: 16/16
  6832 | D:10     | Killed a death yak
  6832 | D:10     | Reached skill level 5 in Dodging
  6833 | D:10     | Killed a death yak
  6833 | D:10     | Reached skill level 9 in Shields
  6840 | D:10     | Reached ****** piety under Uskayaw
  6841 | D:10     | Reached skill level 5 in Evocations
  6956 | D:10     | Noticed Psyche
  6958 | D:10     | Noticed Psyche
  6958 | D:10     | Psyche changed into Psyche the blink frog
  6968 | D:10     | Killed Psyche the blink frog
  7056 | D:10     | Identified the +1 shield of Autumn {rElec rCorr Str-3 Stlth+} (You found it on level 10 of the Dungeon)
  7221 | D:10     | Noticed a tengu warrior
  7233 | D:10     | Killed a tengu warrior
  7459 | D:6      | Bought a +2 large shield of protection for 322 gold pieces
  7696 | D:11     | Noticed a two-headed ogre
  7701 | D:11     | Killed a two-headed ogre
  7727 | D:11     | Noticed a cyclops
  7752 | D:11     | Noticed an eight-headed hydra
  7779 | D:11     | Killed an unseen horror
  8289 | D:7      | Found an opulent altar of Gozag.
  8467 | D:11     | Found a staircase to the Orcish Mines.
  8468 | D:11     | Noticed Erolcha
  8474 | D:11     | Noticed a cyclops
  8481 | D:11     | Killed Erolcha
  8481 | D:11     | Hit by a large rock thrown by a cyclops

Vault maps used:
D:1:      onia_arrival_pentagram, minmay_tromino_i4
D:2:      lemuel_coloured_pillars_altar, serial_undead, serial_undead_e,
          serial_undead_f, serial_undead_e, serial_undead_d,
          serial_park_tiny_pond
D:3:      lemuel_doored_altar
D:4:      serial_aquarium, aquarium_bridge_square, aquarium_window_1,
          aquarium_window_fake, aquarium_window_1, aquarium_view_2c,
          aquarium_view_2c
D:5:      xom_butterflies, lemuel_blue_sif_altar, first_bread, minivault_1,
          uniq_duvessa
D:6:      cheibrodos_quashed, kennysheep_mini, lemuel_crystal_altar,
          temple_statues, serial_shops, nicolae_shop_statue_plus, shop, shop,
          nicolae_shop_behind_doors, kennysheep_mini_moat
D:7:      marbit_many_paths, kennysheep_little_box, lemuel_round_altar,
          nicolae_ru_path_of_blood
D:8:      serial_shops, shop
D:9:      lemuel_round_altar
D:10:     dpeg_lair_monsters, nicolae_trove_entry_free_sample, grunt_tengu_nest,
          uniq_fannar, uniq_psyche, uniq_urug
D:11:     zombieorc2_lemuel, serial_shops, shop, uniq_erolcha
Temple:   jpeg_temple_clearing

Skill      XL: |  1  2  3  4  5  6  7  8  9 10 11 |
---------------+----------------------------------+-----
Shields        | 3 4 5 6 7 8 9 |  9.7
Fighting       | 3 4 5 6 7 |  7.1
Dodging        | 1 2 3 4 5 |  5.6
Short Blades   | 2 3 |  3.6
Armour         | 3 4 5 6 |  6.3
Invocations    | 1 2 4 5 6 |  6.6
Evocations     | 2 3 4 5 |  5.5

Action                   |  1- 3 |  4- 6 |  7- 9 | 10-12 || total
-------------------------+-------+-------+-------+-------++-------
Melee: Rapier            |   115 |   246 |   108 |       ||   469
       Bite              |    24 |    60 |    98 |    71 ||   253
       Long sword        |       |       |   157 |   172 ||   329
Evoke: Wand              |       |       |       |     8 ||     8
  Use: Potion            |     1 |     2 |       |     3 ||     6
       Scroll            |       |     5 |     8 |     6 ||    19
 Stab: Paralysed         |       |       |     6 |    10 ||    16
  Eat: Chunk             |     1 |     8 |    10 |     4 ||    23
       Bread ration      |       |       |       |     1 ||     1
Armor: Scale mail        |    58 |    53 |       |       ||   111
       Chain mail        |       |    21 |     9 |       ||    30
       Plate armour      |       |       |   106 |   122 ||   228
Dodge: Dodged            |    61 |    27 |    24 |    47 ||   159
Block: Shield            |    69 |    26 |       |     8 ||   103
       Large shield      |       |   119 |   247 |   213 ||   579
       Rpst.: Long sword |       |       |     1 |    10 ||    11
